 Dungeon Crawl Stone Soup version 0.18-a0-1435-gee79d65 (webtiles) character file.

99 gorblad the Ducker (level 4, -2/21 HPs)
             Began as a Felid Monk on Feb 28, 2016.
             Slain by an orc warrior
             ... wielding a +0 long sword
              (10 damage)
             ... on level 3 of the Dungeon.
             The game lasted 00:04:24 (2878 turns).

gorblad the Ducker (Felid Monk)                     Turns: 2878, Time: 00:04:24

Health: -2/21      AC:  1    Str:  7    XL:     4   Next: 45%
Magic:  5/5        EV: 22    Int: 11    God:
Gold:   141        SH:  0    Dex: 20    Spells: 0 memorised, 3 levels left
                                        Lives:  0   Deaths: 1

rFire  . . .     SeeInvis +       - Unarmed
rCold  . . .     Gourm    .     (armour unavailable)
rNeg   . . .     Faith    .     (shield unavailable)
rPois  .         Spirit   .     (helmet unavailable)
rElec  .         Dismiss  .     (cloak unavailable)
rCorr  .         Reflect  .     (gloves unavailable)
SustAt .         Harm     .     (boots unavailable)
MR     .....                    (no amulet)
Stlth  ++++......               (no ring)
                                (no ring)

@: quick, not resistant to hostile enchantments, stealthy
A: no armour, no weapons or thrown items, claws 1, fangs 3, see invisible,
carnivore 3, speed 1, shaggy fur 1, slow metabolism 1, sharp paws
a: no special abilities


You were on level 3 of the Dungeon.
You were full.

You visited 1 branch of the dungeon, and saw 3 of its levels.

You collected 141 gold pieces.

Inventory:

Jewellery
 f - an uncursed ring of magical power
Wands
 j - a wand of polymorph (5/24)
Scrolls
 b - 2 scrolls of identify
 c - 2 scrolls of remove curse
 e - a scroll of recharging {unknown}
 h - a scroll of immolation {unknown}
Potions
 d - a potion of magic
 g - a potion of heal wounds {unknown}
 l - a potion of haste {unknown}
Comestibles
 a - 3 meat rations
 i - a beef jerky


   Skills:
 + Level 3.6 Fighting
 * Level 5.6 Dodging
 * Level 5.0 Stealth
 + Level 4.4 Unarmed Combat


You had 3 spell levels left.
You didn't know any spells.

Dungeon Overview and Level Annotations

Branches:
Dungeon (3/15)

Altars:


Innate Abilities, Weirdness & Mutations

You cannot wear armour.
You are incapable of wielding weapons or throwing items.
You have sharp claws.
You have razor-sharp teeth.
You have supernaturally acute eyesight.
You are carnivorous and can eat meat at any time.
You cover ground quickly.
You are covered in fur (AC +1).
You have a slow metabolism.
Your sharp claws are effective at attacking unaware monsters.


Message History

You claw the orc warrior, but do no damage.
You bite the orc warrior, but do no damage.
The orc warrior is heavily wounded.
You closely miss the orc warrior.
The orc warrior is heavily wounded.
The orc warrior closely misses you.
You barely miss the orc warrior.
You bite the orc warrior, but do no damage.
The orc warrior is heavily wounded.
The orc warrior closely misses you.
You scratch the orc warrior but do no damage.
The orc warrior is heavily wounded.
The orc warrior completely misses you.
You closely miss the orc warrior.
You bite the orc warrior, but do no damage.
The orc warrior is heavily wounded.
You scratch the orc warrior.
The orc warrior is heavily wounded.
The orc warrior hits you with a +0 long sword!
You die...

..## #####.#.......
#.#.#. .).#.#.......
#.#...#####.#.#.......
......................
#.......###.#.#.......
#..##.# #.#.###.###.
#...).###.#.# #.# #.
#.)..†....#.# #.# #.
..#####@).#####.# #.#
#. ......o.........#
#.# #.
#....###..####### #.#
## #... ##.#.....#)..#
### #.......#...#
######.#+#####...#
#.........# #...#
#......)..# #...#
#.........# #...####


You could see an orc warrior.

Vanquished Creatures
  An orc wizard (D:3)
  9 adders
  An ooze (D:1)
  A worm (D:2)
  A dart slug (D:1)
  3 orcs (D:3)
  3 ball pythons
  2 giant cockroaches (D:3)
  8 goblins
  2 hobgoblins
  9 bats
  5 giant newts
  5 kobolds
  4 rats
  A bush (D:2)
55 creatures vanquished.

Notes
Turn   | Place    | Note
--------------------------------------------------------------
     0 | D:1      | gorblad the Felid Monk began the quest for the Orb.
     0 | D:1      | Reached XP level 1. HP: 10/10 MP: 2/2
   224 | D:1      | Reached XP level 2. HP: 14/14 MP: 3/3
  1058 | D:2      | Reached XP level 3. HP: 13/17 MP: 4/4
  1787 | D:2      | Reached skill level 5 in Dodging
  1787 | D:2      | Reached XP level 4. HP: 21/21 MP: 5/5
  2794 | D:3      | Noticed an orc warrior
  2799 | D:3      | Reached XP level 5. HP: 24/24 MP: 6/6
  2800 | D:3      | Slain by an orc warrior
  2801 | D:3      | Reached XP level 4. HP: 0/21 MP: 5/5
  2867 | D:3      | Reached skill level 5 in Stealth
  2878 | D:3      | Slain by an orc warrior

Vault maps used:
D:1:      lemuel_arrival_broad_hall, st_stairs_4
D:2:      serial_forest, infiniplex_forest_pool, infiniplex_forest_pool,
          infiniplex_forest_clump_curved, infiniplex_forest_lined_corner,
          infiniplex_forest_pool, infiniplex_forest_clump_long,
          infiniplex_forest_lined_ring

Skill      XL: |  1  2  3  4 |
---------------+-------------+-----
Stealth        | 3 4 5 |  5.0
Dodging        | 5 |  5.6
Fighting       | |  3.6
Unarmed Combat | |  4.4

Action                   |  1- 3 |  4- 6 || total
-------------------------+-------+-------++-------
Melee: Unarmed           |    77 |   197 ||   274
  Use: Scroll            |     2 |     5 ||     7
 Stab: Sleeping          |     9 |    14 ||    23
       Distracted        |       |     1 ||     1
  Eat: Chunk             |     9 |     4 ||    13
